 Dungeon Crawl Stone Soup version 0.23.1-37-gaa34b87 (webtiles) character file.

Game seed: 3121265304868203464

9201 Borgoz the Grappler (level 11, -2/89 HPs)
             Began as a Ghoul Monk on Mar 21, 2019.
             Was a Believer of Ashenzari.
             Slain by a sun demon (14 damage)
             ... summoned by an orc sorcerer
             ... on level 1 of the Orcish Mines.
             The game lasted 00:19:11 (9653 turns).

Borgoz the Grappler (Ghoul Monk)                    Turns: 9653, Time: 00:19:13

Health: -2/89      AC: 12    Str: 16    XL:     11   Next: 42%
Magic:  12/12      EV: 14    Int:  7    God:    Ashenzari [**....]
Gold:   700        SH:  0    Dex: 12    Spells: 9/13 levels left

rFire    . . .     SeeInvis .     - Unarmed
rCold    + + .     Gourm    .   (no shield)
rNeg     + + +     Faith    .   r - +3 ring mail {rC+}
rPois    ∞         Spirit   .   q - +0 helmet
rElec    .         Reflect  .   (no cloak)
rCorr    .         Harm     .   (no gloves)
MR       .....                  i - +0 pair of boots
Stlth    ++........             (no amulet)
HPRegen  0.00/turn              (no ring)
MPRegen  0.13/turn              (no ring)

@: rotting
A: rotting body, claws 1, carnivore, cold resistance 1, negative energy
resistance 3, inhibited regeneration, torment resistance, unbreathing
a: Curse Item, Scrying, Renounce Religion


You were on level 1 of the Orcish Mines.
You worshipped Ashenzari.
Ashenzari was pleased with you.
You were not hungry.

You visited 3 branches of the dungeon, and saw 13 of its levels.
You also visited: Ossuary.

You collected 700 gold pieces.

Inventory:

Hand Weapons
 b - a +0 blowgun
 j - a +0 rapier
 F - a +0 dagger of draining
Missiles
 o - 4 curare-tipped needles
 y - 5 tomahawks (quivered)
 E - 15 poisoned needles
Armour
 i - a +0 pair of boots (worn)
 q - a +0 helmet (worn)
 r - a +3 ring mail of cold resistance (worn)
Jewellery
 w - an uncursed ring of stealth
Wands
 x - a wand of polymorph (5)
 z - a wand of disintegration (10)
Scrolls
 c - 2 scrolls of enchant armour
 f - a scroll of fog
 g - 6 scrolls of remove curse
 h - 6 scrolls of teleportation
 l - 2 scrolls of fear
 A - a scroll of enchant weapon {unknown}
 B - 6 scrolls of identify
Potions
 a - 3 potions of flight
 k - 2 potions of ambrosia
 m - 5 potions of curing
 n - 4 potions of haste
 p - 3 potions of berserk rage
 s - a potion of magic {unknown}
 t - 4 potions of lignification {unknown}
 u - 3 potions of might {unknown}
 v - a potion of brilliance {unknown}
 C - 2 potions of cancellation {unknown}
Comestibles
 e - 16 rations
 D - 6 chunks of flesh


   Skills:
 + Level 6.1 Fighting
 * Level 6.7 Armour
 * Level 6.4 Dodging
 + Level 6.1 Stealth
 * Level 13.1 Unarmed Combat
 + Level 1.9 Spellcasting
 + Level 1.9 Hexes
 + Level 2.2 Evocations


You had 9 spell levels left.
You knew the following spells:

 Your Spells              Type           Power        Failure   Level  Hunger
a - Cause Fear            Hex            #.........   96%         4    #####..

Your spell library contained the following spells:

 Spells                   Type           Power        Failure   Level  Hunger
 Freeze                   Ice            #...         56%         1    ##.....
 Portal Projectile        Hex/Tloc       #.....       80%         3    ####...
 Darkness                 Hex            #.........   100%        6    #######
 Simulacrum               Ice/Necr       #.........   100%        6    #######


Dungeon Overview and Level Annotations

Branches:
Dungeon (10/15)            Temple (1/1) D:7             Orc (2/2) D:9
   Lair: D:8-11         Elf: Orc:2

Altars:
Ashenzari
Cheibriados
Dithmenos
Elyvilon
Fedhas
Gozag
Hepliaklqana
Kikubaaqudgha
Makhleb
Nemelex Xobeh
Okawaru
Qazlal
Ru
Sif Muna
Trog
Uskayaw
Vehumet
Wu Jian
Xom
Yredelemnul
Zin
The Shining One

Shops:
D:4 %   D:7 %   D:8 :}*   Orc:2 (


Innate Abilities, Weirdness & Mutations

Your body is rotting away.
You thrive on raw meat.
You are immune to poison.
You have sharp fingernails.
You are carnivorous and can eat meat at any time.
Your flesh is cold resistant. (rC+)
You are immune to negative energy. (rN+++)
You do not regenerate when monsters are visible.
You are immune to unholy pain and torment.
You can survive without breathing.


Message History

The orc sorcerer is severely wounded.
The sun demon hits you!!
* * * LOW HITPOINT WARNING * * *
You are engulfed in flames!
* * * LOW HITPOINT WARNING * * *
The orc wizard casts a spell at you.
The magic dart hits you but does no damage.
You feel much better. The orc wizard closely misses you.
The sun demon hits you but does no damage.
The orc warrior hits you with a +0 long sword!
* * * LOW HITPOINT WARNING * * *
The orc sorcerer barely misses you.
The orc priest hits you but does no damage.
The orc wizard casts a spell at you. The magic dart hits you!
* * * LOW HITPOINT WARNING * * *
The sun demon hits you.
* * * LOW HITPOINT WARNING * * *
You are engulfed in flames!
You die...

*
#..#####..#.......#..
##.....##.......##...#
*
*.......#...#####.....
*
,#......#...#.#..###.
, ##......####....# ##
, #........#.....#####
,, .
,..#.o....###......#.#
, ....###oo..##
##........
......o@..##
#...#..... ###...o3###
##.##..... #....o.
#####.... .....#...#
##..## ....###... *
#...# ...# *###..,
#...# ... , ,.. ##.##
.. , , ,.## ### * , ,


You could see a sun demon, an orc sorcerer, an orc warrior, an orc priest, an
orc wizard and 2 orcs.

Vanquished Creatures
  3 two-headed ogres
  An orc sorcerer (Orc:1)
  A troll (D:9)
  2 hippogriffs
  A spriggan (D:9)
  2 wyverns
  A hungry ghost (D:9)
  2 wargs (Orc:1)
  A water moccasin (D:8)
  A swamp drake (D:9)
  6 orc warriors
  A necrophage (D:7)
  3 sky beasts
  6 ice beasts
  A phantom (D:7)
  12 ogres
  A centaur (D:8)
  5 bullfrogs
  A scorpion (D:4)
  5 killer bees (D:8)
  A water moccasin skeleton (D:6)
  5 crimson imps
  A bullfrog zombie (D:9)
  A quasit (D:8)
  8 orc priests
  10 hounds
  15 orc wizards
  2 centaur skeletons
  3 iron imps (D:6)
  A bullfrog skeleton (D:9)
  2 iguanas
  9 worker ants
  A howler monkey zombie (D:7)
  13 mummies (Ossuary)
  2 worker ant zombies
  8 adders
  A shadow imp (D:8)
  3 oozes
  An adder skeleton (D:9)
  3 worms (D:2)
  2 dart slugs
  5 leopard geckos
  49 orcs
  8 bats
  9 goblins
  5 hobgoblins
  3 jackals (D:9)
  7 kobolds
  5 quokkas
  4 ball pythons
  6 frilled lizards
  3 gnoll skeletons (Ossuary)
  A jackal zombie (D:5)
  3 kobold skeletons (Ossuary)
  A leopard gecko skeleton (D:3)
  A leopard gecko zombie (D:8)
  2 orc skeletons (Ossuary)
  2 quokka skeletons
  5 rats
  11 rat skeletons (Ossuary)
  A plant (D:7)
279 creatures vanquished.

Notes
Turn   | Place    | Note
-------+----------+-------------------------------------------
     0 | D:1      | Borgoz the Ghoul Monk began the quest for the Orb.
     0 | D:1      | Reached XP level 1. HP: 19/19 MP: 0/0
   125 | D:1      | Reached XP level 2. HP: 12/26 MP: 1/1
   253 | D:1      | Found a shimmering altar of Xom.
   506 | D:1      | Reached XP level 3. HP: 33/33 MP: 2/2
   929 | D:2      | Noticed a moth of wrath
   931 | D:2      | Found a bloodstained altar of Trog.
   968 | D:2      | Reached skill level 4 in Unarmed Combat
  1301 | D:2      | Found a faded altar of an unknown god.
  1778 | D:2      | Reached XP level 4. HP: 32/40 MP: 3/3
  1787 | D:2      | Found a snail-covered altar of Cheibriados.
  1963 | D:3      | Found a snail-covered altar of Cheibriados.
  2009 | D:3      | Found a sparkling altar of Nemelex Xobeh.
  2134 | D:3      | Reached skill level 1 in Armour
  2144 | D:3      | Reached XP level 5. HP: 14/46 MP: 4/4
  2369 | D:3      | Noticed a hippogriff
  2430 | D:3      | Killed a hippogriff
  2430 | D:3      | Reached skill level 5 in Unarmed Combat
  2430 | D:3      | Reached XP level 6. HP: 15/52 MP: 5/5
  2765 | D:4      | Found Vyudd's Food Boutique.
  2818 | D:4      | Reached skill level 6 in Unarmed Combat
  2822 | D:4      | Reached XP level 7. HP: 43/60 MP: 6/6
  2831 | D:4      | Found a sand-covered staircase.
  2836 | Ossuary  | Entered an ossuary
  3420 | D:4      | Reached skill level 7 in Unarmed Combat
  3941 | D:5      | Entered Level 5 of the Dungeon
  3951 | D:5      | Reached XP level 8. HP: 66/66 MP: 7/7
  4202 | D:5      | Reached skill level 8 in Unarmed Combat
  4673 | D:6      | Reached skill level 9 in Unarmed Combat
  4680 | D:6      | Found a radiant altar of Vehumet.
  4688 | D:6      | Noticed a wyvern
  4701 | D:6      | Killed a wyvern
  4701 | D:6      | Reached XP level 9. HP: 70/72 MP: 8/8
  5011 | D:6      | Found a burning altar of Makhleb.
  5190 | D:6      | Reached skill level 10 in Unarmed Combat
  5292 | D:6      | Found a shadowy altar of Dithmenos.
  5615 | D:7      | Found a staircase to the Ecumenical Temple.
  5624 | Temple   | Entered the Ecumenical Temple
  5823 | Temple   | Became a worshipper of Ashenzari the Shackled
  5823 | Temple   | Reached * piety under Ashenzari
  5823 | Temple   | Reached ** piety under Ashenzari
  6152 | D:7      | Reached skill level 5 in Fighting
  6182 | D:7      | Found a sacrificial altar of Ru.
  6287 | D:7      | Found Ahoacay's Food Shoppe.
  6502 | D:8      | Reached skill level 5 in Armour
  6573 | D:8      | Reached skill level 11 in Unarmed Combat
  6592 | D:8      | Found Edghomis's Assorted Antiques.
  6897 | D:8      | Reached XP level 10. HP: 52/81 MP: 9/9
  6947 | D:8      | Found Boquotog's Book Shoppe.
  6965 | D:8      | Reached skill level 5 in Dodging
  6980 | D:8      | Found Iney's Gadget Boutique.
  7247 | D:8      | Reached skill level 12 in Unarmed Combat
  7353 | D:9      | Reached skill level 5 in Stealth
  7376 | D:9      | Noticed a two-headed ogre
  7389 | D:9      | Killed a two-headed ogre
  7498 | D:9      | Identified Hujitt's Volume of Freezing Malediction
  7505 | D:9      | Learned a level 4 spell: Cause Fear
  7826 | D:9      | Reached skill level 1 in Evocations
  7990 | D:9      | Reached skill level 1 in Hexes
  8007 | D:9      | Found a staircase to the Orcish Mines.
  8082 | D:9      | Reached skill level 1 in Spellcasting
  8375 | D:10     | Entered Level 10 of the Dungeon
  8397 | D:10     | Noticed a two-headed ogre
  8411 | D:10     | Killed a two-headed ogre
  8411 | D:10     | Reached XP level 11. HP: 50/89 MP: 10/12
  8458 | D:10     | Noticed a two-headed ogre
  8468 | D:10     | HP: 4/89 [two-headed ogre/+0 giant club (17)]
  8486 | D:10     | Killed a two-headed ogre
  8486 | D:10     | Reached skill level 13 in Unarmed Combat
  8554 | Orc:1    | Entered Level 1 of the Orcish Mines
  8689 | Orc:2    | Entered Level 2 of the Orcish Mines
  8700 | Orc:2    | Found Gaduer's Weapon Shoppe.
  9018 | Orc:2    | Noticed a cyclops
  9403 | Orc:1    | Noticed an orc sorcerer
  9422 | Orc:1    | Noticed a sixfirhy
  9423 | Orc:1    | Noticed a sixfirhy
  9424 | Orc:1    | Killed an orc sorcerer
  9637 | Orc:1    | Noticed an orc sorcerer
  9649 | Orc:1    | Noticed a sun demon
  9653 | Orc:1    | Slain by a sun demon

Skill      XL: |  1  2  3  4  5  6  7  8  9 10 11 |
---------------+----------------------------------+-----
Dodging        | 3 4 6 |  6.4
Unarmed Combat | 4 5 6 7 9 11 12 13 | 13.1
Fighting       | 4 5 6 |  6.1
Armour         | 1 2 3 4 5 6 |  6.7
Stealth        | 3 4 5 6 |  6.1
Evocations     | 1 2 |  2.2
Hexes          | 1 |  1.9
Spellcasting   | 1 |  1.9

Action                   |  1- 3 |  4- 6 |  7- 9 | 10-12 || total
-------------------------+-------+-------+-------+-------++-------
Melee: Unarmed           |   123 |   145 |   469 |   410 ||  1147
       Punch             |     2 |     2 |    17 |    19 ||    40
Evoke: Wand              |       |       |       |     6 ||     6
  Use: Scroll            |       |     9 |     6 |       ||    15
       Potion            |       |     3 |     1 |     4 ||     8
 Stab: Sleeping          |     1 |       |     5 |     4 ||    10
       Distracted        |       |       |       |     1 ||     1
  Eat: Chunk             |    16 |    18 |    24 |    49 ||   107
       Ration            |       |       |     1 |     4 ||     5
Armor: Robe              |    12 |       |       |       ||    12
       Leather armour    |    15 |     2 |       |       ||    17
       Ring mail         |       |    64 |   156 |   165 ||   385
Dodge: Dodged            |    79 |    76 |   231 |   255 ||   641
